 Dungeon Crawl Stone Soup version 0.20-a0-864-g92acfd1 (webtiles) character file.

65 HarryHood the Skirmisher (level 3, -3/55 HPs)
             Began as a Minotaur Berserker on Mar 12, 2017.
             Was a Believer of Trog.
             Slain by Sigmund
             ... wielding a +0 scythe
              (8 damage)
             ... on level 2 of the Dungeon.
             The game lasted 00:06:54 (1101 turns).

HarryHood the Skirmisher (Minotaur Berserker)       Turns: 1101, Time: 00:06:54

Health: -3/55      AC:  2    Str: 26    XL:     3   Next: 92%
Magic:  11/11      EV: 12    Int:  4    God:    Trog [**....]
Gold:   81         SH:  0    Dex: 10    Spells: 2/2 levels left

rFire    + . .     SeeInvis .   a - +0 mace
rCold    . . .     Gourm    .   b - +0 animal skin
rNeg     . . .     Faith    .   (no shield)
rPois    .         Spirit   .   (helmet restricted)
rElec    .         Reflect  .   (no cloak)
rCorr    .         Harm     .   (no gloves)
MR       .....                  (no boots)
Stlth    ..........             (no amulet)
Regen    0.2/turn               d - ring of protection from fire
MPRegen  0.2/turn               m - ring of magical power

@: berserking, lethally poisoned (-3 -> -5), very quick
A: retaliatory headbutt, horns 2
a: Berserk, Trog's Hand, Burn Spellbooks, Renounce Religion


You were on level 2 of the Dungeon.
You worshipped Trog.
Trog was pleased with you.
You were very hungry.

You visited 1 branch of the dungeon, and saw 2 of its levels.

You collected 81 gold pieces.

Inventory:

Hand Weapons
 a - a +0 mace (weapon)
Missiles
 n - 18 sling bullets
Armour
 b - a +0 animal skin (worn)
Jewellery
 d - a ring of protection from fire (right hand)
 m - a ring of magical power (left hand)
Scrolls
 f - a scroll of enchant armour {unknown}
 h - a scroll of teleportation {@r0}
 l - a scroll of magic mapping
Potions
 e - a potion of resistance {unknown}
 g - a potion of might {unknown}
 i - a potion of lignification {unknown}
 j - a potion of agility {unknown}
 p - a potion of curing {unknown}
Comestibles
 c - a bread ration {@e1}
 o - a royal jelly {@e3}


   Skills:
 * Level 5.9 Fighting
 - Level 3.6 Maces & Flails
 - Level 2.4 Armour
 - Level 2.1 Dodging


You had 2 spell levels left.
You didn't know any spells.

Dungeon Overview and Level Annotations

Branches:
Dungeon (2/15)

Altars:

Annotations:
D:2 Sigmund


Innate Abilities, Weirdness & Mutations

You reflexively headbutt those who attack you in melee.
You have a pair of horns on your head.


Message History

The quokka closely misses you. You furiously retaliate!
You headbutt the quokka!
You kill the quokka!
Trog accepts your kill. The hobgoblin barely misses you.
You hit the hobgoblin but do no damage. Something hits you.
The hobgoblin closely misses you.
You sock the hobgoblin!
You kill the hobgoblin!
Trog accepts your kill.
You feel sick. Something hits you!
A red film seems to cover your vision as you go berserk!
You feel yourself moving faster!
You feel mighty!
You are feeling very hungry.
You feel a strong urge to attack something.
Something hits you!
* * * LOW HITPOINT WARNING * * *
You barely miss something. You headbutt something! You miss something.
Something hits you!
You die...

.. #......# .. #......#
.. ##......# ...
##.......# . ###........#
.. ##....#######
...###...### #
....†.....#########.###.#
...............{@........
.......#....######.......
.......##.(.###....#.....
#......##....)..# #. ....
#########....#### .. ...
#########.....### ... ..
.................. ... .
#########...##..#. ....
#...# #...


There were no monsters in sight!

Vanquished Creatures
  3 adders (D:2)
  A dart slug (D:1)
  2 leopard geckos (D:1)
  A ball python (D:1)
  5 bats (D:1)
  A giant cockroach (D:1)
  9 hobgoblins
  2 quokkas (D:2)
  A frilled lizard (D:1)
  2 goblins (D:1)
  3 kobolds
  3 rats (D:1)
33 creatures vanquished.

Notes
Turn   | Place    | Note
-------+----------+-------------------------------------------
     0 | D:1      | HarryHood the Minotaur Berserker began the quest for the Orb.
     0 | D:1      | Reached XP level 1. HP: 19/19 MP: 0/0
    67 | D:1      | Reached skill level 4 in Fighting
   263 | D:1      | Reached XP level 2. HP: 26/27 MP: 1/1
   515 | D:1      | Reached skill level 5 in Fighting
   607 | D:1      | Reached ** piety under Trog
   619 | D:1      | Reached XP level 3. HP: 30/36 MP: 2/2
  1048 | D:2      | Noticed Sigmund
  1099 | D:2      | HP: 5/55 [something (14)]
  1101 | D:2      | Slain by Sigmund

Vault maps used:
D:1:      saegor_arrival_simple_e
D:2:      zin_angel, marbit_many_paths, first_bread, uniq_sigmund, uniq_iyjb

Skill      XL: |  1  2 |
---------------+-------+-----
Fighting       | 4 5 |  5.9
Maces & Flails | |  3.6
Armour         | |  2.4
Dodging        | |  2.1

Action                   || total
-------------------------++-------
Melee: Mace              ||    66
       Headbutt          ||     9
Invok: Berserk           ||     1
  Use: Scroll            ||     4
 Stab: Sleeping          ||     1
Armor: Animal skin       ||    26
Dodge: Dodged            ||    60
